 Dungeon Crawl Stone Soup version 0.25.1-2-g60ff931df9 (webtiles) character file.

Game seed: 13029210774773621125

296 DildoBatman the Conjurer (level 6, 0/41 HPs)
             Began as a Formicid Wizard on Sept 11, 2020.
             Slain by a bullfrog (3 damage)
             ... in a sewer.
             The game lasted 00:13:52 (4025 turns).

DildoBatman the Conjurer (Formicid Wizard)          Turns: 4025, Time: 00:13:53

Health: 0/41       AC:  6    Str: 10 (11) XL:     6   Next: 61%
Magic:  10/10      EV: 12    Int: 21 (22) God:
Gold:   101        SH:  0    Dex: 10 (11) Spells: 4/11 levels left

rFire    . . .     SeeInvis +   e - +0 short sword
rCold    + . .     Gourm    .   (no shield)
rNeg     . . .     Faith    .   a - +0 robe
rPois    .         Spirit   .   (helmet unavailable)
rElec    .         Reflect  .   (no cloak)
rCorr    .         Harm     .   (no gloves)
MR       .....                  (no boots)
Stlth    ++........             (no amulet)
HPRegen  0.13/turn              i - +4 ring of protection
MPRegen  0.12/turn              (no ring)

@: stab
A: permanent stasis, dig shafts and tunnels, four strong arms, antennae 3, agile
1, clever 1, cold resistance 1, evolution 1
a: Dig, Shaft Self


You were in a sewer.
You were not hungry.

You visited 1 branch of the dungeon, and saw 5 of its levels.
You also visited: Sewer.

You collected 101 gold pieces.

Inventory:

Hand Weapons
 e - a +0 short sword (weapon)
 q - a +0 hunting sling
 C - a +0 flail
Missiles
 c - 17 bolts
 h - 45 sling bullets
 j - 70 stones
 u - 2 boomerangs
 w - 39 arrows
 x - 3 atropa-tipped darts (quivered)
Armour
 a - a +0 robe (worn)
 D - a +0 leather armour
Jewellery
 i - a +4 ring of protection (left hand)
Wands
 y - a wand of flame (23)
Scrolls
 d - 2 scrolls of remove curse {unknown}
 f - 3 scrolls of enchant weapon
 k - a scroll of amnesia {unknown}
 m - 3 scrolls of teleportation
 r - a scroll of blinking {unknown}
 z - a scroll of identify
 B - a scroll of magic mapping
Potions
 b - a potion of curing {unknown}
 g - a potion of brilliance {unknown}
 n - a potion of lignification {unknown}
 o - a potion of magic {unknown}
 p - a potion of stabbing
 s - 2 potions of degeneration
 t - a potion of flight {unknown}
Comestibles
 v - 7 rations
 A - a chunk of flesh


   Skills:
 - Level 1.7 Dodging
 - Level 2.4 Stealth
 - Level 3.2 Spellcasting
 * Level 5.4 Conjurations
   Level 1.0 Summonings
   Level 0.8 Translocations
 - Level 0.9 Fire Magic
 * Level 0.8 Air Magic


You had 4 spell levels left.
You knew the following spells:

 Your Spells              Type           Power        Failure   Level  Hunger
a - Conjure Flame         Conj/Fire      ###.....     11%         3    ###....
c - Magic Dart            Conj           ####         1%          1    None
e - Mephitic Cloud        Conj/Pois/Air  ##......     17%         3    ###....

Your spell library contained the following spells:

 Spells                   Type           Power        Failure   Level  Hunger
 Call Imp                 Summ           #.......     13%         2    ##.....
 Slow                     Hex            #.......     21%         2    ##.....
 Blink                    Tloc           Unusable     N/A         2    N/A

Dungeon Overview and Level Annotations

Branches:
Dungeon (5/15)              Sewer (1/1)
 Temple: D:4-7

Altars:
Makhleb
Vehumet

Annotations:
D:5 Dowan, Duvessa, Prince Ribbit


Innate Abilities, Weirdness & Mutations

You cannot be hasted, slowed, berserked, paralysed or teleported.
You can dig through walls and to a lower floor.
Your four strong arms can wield two-handed weapons with a shield.
You have a pair of large antennae on your head. (SInv)
You are agile. (Dex +2)
Your mind is acute. (Int +2)
Your flesh is cold resistant. (rC+)
You evolve.


Message History

The bullfrog hits you but does no damage. x2
You feel more ready to backstab. The bullfrog misses you.
The bullfrog hits you!
It was a potion of degeneration.
There was something very wrong with that liquid.
You feel weakened.
You feel dopey.
You feel clumsy. The bullfrog closely misses you. x2
The bullfrog barely misses you. x2
It was a potion of mutation.
You feel extremely strange.
You feel nature experimenting on you.
Don't worry, failures die fast.
You feel resistant to cold.
You feel agile.
You feel clever. The bullfrog barely misses you. The bullfrog hits you.
You die...

#
#####################
....................##
≈≈≈≈≈≈≈≈≈≈≈≈≈≈≈≈≈≈≈..#
≈≈≈≈≈≈≈≈≈≈≈≈≈≈≈≈≈≈≈≈.#
≈≈≈≈≈≈≈≈≈≈≈≈≈≈≈≈≈≈≈≈.#
....≈≈≈≈≈≈≈≈≈≈..≈≈≈≈.#
≈≈≈≈≈≈≈≈≈≈≈≈≈≈≈≈.≈≈≈.#
≈≈≈≈≈≈≈≈≈≈≈≈≈≈≈≈@≈≈≈≈#
≈≈≈≈≈≈≈≈.≈≈≈≈≈≈FF≈≈≈.#
≈≈≈≈≈.≈≈≈≈.≈≈≈≈≈≈≈≈≈≈#
≈≈≈≈≈|≈≈≈.≈≈≈≈≈≈≈≈≈≈≈#
≈≈≈.$$$≈≈..≈≈≈≈≈≈≈≈≈≈#
≈≈...$....≈.≈≈≈≈≈≈≈≈≈#
≈≈≈.≈.≈≈≈..≈≈≈≈≈≈≈≈≈≈#
≈≈≈≈≈≈≈≈≈≈∩≈≈≈≈#≈≈≈≈≈#
≈≈≈≈≈≈≈≈≈≈≈≈≈≈##≈≈≈≈≈#


You could see 2 bullfrogs.

Vanquished Creatures
  A centaur (D:5)
  2 orc priests (D:5)
  7 adders
  2 river rats (D:5)
  An ooze (D:5)
  2 worms
  13 leopard geckos
  11 orcs
  7 bats
  11 giant cockroaches
  7 goblins
  3 hobgoblins
  8 jackals
  2 quokkas
  4 ball pythons
  9 frilled lizards
  3 kobolds
  7 rats
100 creatures vanquished.

Notes
Turn   | Place    | Note
-------+----------+-------------------------------------------
     0 | D:1      | DildoBatman the Formicid Wizard began the quest for the
                  | Orb.
     0 | D:1      | Reached XP level 1. HP: 13/13 MP: 4/4
    70 | D:1      | Reached skill level 1 in Conjurations
   160 | D:1      | Reached XP level 2. HP: 3/19 MP: 0/6
   325 | D:1      | Reached skill level 2 in Conjurations
   628 | D:1      | Reached XP level 3. HP: 19/24 MP: 0/7
  1297 | D:2      | Reached skill level 3 in Conjurations
  1498 | D:2      | Reached XP level 4. HP: 30/30 MP: 3/8
  2032 | D:2      | Learned a level 3 spell: Conjure Flame
  2036 | D:2      | Learned a level 3 spell: Mephitic Cloud
  2345 | D:3      | Found a burning altar of Makhleb.
  2479 | D:3      | Noticed an orc warrior
  2617 | D:3      | Found a faded altar of an unknown god.
  2693 | D:3      | Reached skill level 4 in Conjurations
  2693 | D:3      | Reached XP level 5. HP: 32/35 MP: 4/9
  2902 | D:4      | Found a radiant altar of Vehumet.
  3052 | D:5      | Entered Level 5 of the Dungeon
  3142 | D:5      | Noticed Dowan
  3143 | D:5      | Noticed Prince Ribbit
  3217 | D:5      | Noticed Duvessa
  3227 | D:5      | Noticed a centaur
  3244 | D:5      | Killed a centaur
  3278 | D:5      | Reached skill level 5 in Conjurations
  3278 | D:5      | Reached XP level 6. HP: 12/41 MP: 0/10
  3554 | D:5      | Found a glowing drain.
  3594 | Sewer    | Entered a sewer
  4025 | Sewer    | Gained mutation: You evolve. [potion of mutation]
  4025 | Sewer    | Gained mutation: Your flesh is cold resistant. (rC+)
                  | [potion of mutation]
  4025 | Sewer    | Gained mutation: You are agile. (Dex +2) [potion of
                  | mutation]
  4025 | Sewer    | Gained mutation: Your mind is acute. (Int +2) [potion of
                  | mutation]
  4025 | Sewer    | Slain by a bullfrog

Illustrated notes

Levels and vault maps discovered:
D:1:      wander_arrival_fairy_ring, layout_basic, minmay_tromino_v2
D:2:      layout_rooms, grunt_ministairs_7
D:3:      layout_basic, marbit_many_paths, chequers_ecumenical_altar_simple,
          serial_forest, infiniplex_forest_clump_small,
          infiniplex_forest_lined_corner, infiniplex_forest_clump_medium,
          infiniplex_forest_lined_2, infiniplex_forest_end_2,
          infiniplex_forest_straight_3, infiniplex_forest_clump_small,
          bloody_makhleb
D:4:      layout_loops_cross, vehumet_altar_wand_db, first_ration
D:5:      layout_basic, gup_sewer_entry_bubbles, kennysheep_potato,
          uniq_prince_ribbit1, uniq_blork_the_orc, uniq_menkaure, uniq_duvessa,
          uniq_grinder
Sewer:    sewer_frog_island_01

Skill      XL: |  1  2  3  4  5 |
---------------+----------------+-----
Conjurations   | 1 2 3 4 5 |  5.4
Dodging        | |  1.7
Stealth        | |  2.4
Spellcasting   | |  3.2
Summonings     | |  1.0
Translocations | |  0.8
Fire Magic     | |  0.9
Air Magic      | |  0.8

Action                   |  1- 3 |  4- 6 || total
-------------------------+-------+-------++-------
Melee: Short sword       |    12 |    50 ||    62
Throw: Stone             |     9 |       ||     9
       Dart              |       |     1 ||     1
 Cast: Magic Dart        |    65 |   149 ||   214
       Mephitic Cloud    |       |     8 ||     8
       Conjure Flame     |       |     1 ||     1
 Abil: Dig               |     1 |     7 ||     8
  Use: Scroll            |       |     5 ||     5
       Potion            |       |     4 ||     4
 Stab: Confused          |       |     4 ||     4
  Eat: Chunk             |     2 |    10 ||    12
Armor: Robe              |     2 |    28 ||    30
Dodge: Dodged            |    26 |    68 ||    94
